Canadiens vs Jets

Created - 26 novembre 2017 at 21:06

Goals
1 2 3 OT1 SO T
Canadiens 1 0 2 0 2 4
Jets 3 0 0 0 1 3
Shots
1 2 3 OT1 SO T
Canadiens 3 14 5 2 4 24
Jets 15 11 7 4 4 37

1st period

1. Jets , Brock Nelson 8 (Rickard Rakell 5, Tobias Enstrom 7) at 0:53
2. Jets , Mika Zibanejad 6 (Frans Nielsen 13, Brock Nelson 9) at 10:18
3. Canadiens , Auston Matthews 13 (John Tavares 18, Gustav Nyquist 12) at 17:21 (PP)
4. Jets , Frans Nielsen 9 (Rickard Rakell 6, Brock Nelson 10) at 17:51

Penalties :
Josh Morrissey (MTL) for Holding (Minor) at 8:16, Justin Abdelkader (MTL) for Tripping (Minor) at 12:35, Nick Holden (WPG) for Interference (Minor) at 15:55, Nick Holden (WPG) for Hooking (Minor) at 18:29

2nd period

No Goal

Penalties :
Radko Gudas (WPG) for Elbowing (Minor) at 5:11, Hampus Lindholm (WPG) for High sticking (Minor) at 18:27

3rd period

5. Canadiens , Gustav Nyquist 12 (John Tavares 19, Auston Matthews 17) at 0:21 (PP)
6. Canadiens , Auston Matthews 14 (Jakob Silfverberg 13, Jordan Eberle 13) at 16:48

Penalties :
Nick Shore (MTL) for Roughing (Minor) at 2:53, Alan Quine (WPG) for Roughing (Minor) at 7:07, Radko Gudas (WPG) for Holding (Minor) at 9:51

Overtime #1

No Goal

Penalties :
No Penalty

Shootout

Penalty Shot by John Tavares for Canadiens - Stopped by Cory Schneider
Penalty Shot by Jamie Benn for Jets - Stopped by Jonathan Bernier
Penalty Shot by Auston Matthews for Canadiens - Shot Misses the Net
Penalty Shot by Cam Atkinson for Jets - Stopped by Jonathan Bernier
Penalty Shot by Gustav Nyquist for Canadiens - Goal!
Penalty Shot by Frans Nielsen for Jets - Goal!
Penalty Shot by Jordan Eberle for Canadiens - Goal!
Penalty Shot by Rickard Rakell for Jets - Shot Misses the Net

Penalties :
No Penalty

Goalie Stats

Jonathan Bernier (MTL), 22 saves from 22 shots - (1.000), W, 2-1-3, 47:09 minutes
Cam Talbot (MTL), 12 saves from 15 shots - (0.800), 17:51 minutes
Cory Schneider (WPG), 21 saves from 24 shots - (0.875), OTL, 10-9-4, 65:00 minutes

Players Stats for Canadiens

Player Name              G  A  P  +/- PIM S  H  SB GA TA FO     MP     PP MP  PK MP  
------------------------------------------------------------------------------------
Adam Larsson             0  0  0  -1  0   2  0  3  0  0  0/0    25:36   5:03   3:29 
Artturi Lehkonen         0  0  0   0  0   1  0  0  0  0  0/1    11:24   1:38   0:49 
Auston Matthews          2  1  3   1  0   4  1  0  0  0  9/14   21:01   4:48   1:04 
Cam Fowler               0  0  0  -1  0   2  0  2  0  0  0/0    27:12   6:05   3:29 
Gustav Nyquist           1  1  2  -2  0   2  0  0  0  0  0/3    18:38   6:26   0:00 
Ian Cole                 0  0  0   0  0   0  0  0  0  0  0/0    18:52   0:58   2:28 
Ivan Provorov            0  0  0   0  0   0  2  2  0  0  0/0    23:34   5:15   2:28 
Jakob Silfverberg        0  1  1   1  0   0  1  0  0  0  0/3    21:48   4:50   3:19 
John Tavares             0  2  2  -2  0   5  3  0  0  0  16/26  21:29   6:26   0:00 
Jordan Eberle            0  1  1   1  0   3  1  0  0  0  1/2    19:15   4:40   0:00 
Josh Bailey              0  0  0   0  0   1  1  0  0  0  1/2     9:23   0:00   0:00 
Josh Morrissey           0  0  0  -1  2   1  1  2  0  0  0/0    17:22   5:11   0:00 
Justin Abdelkader        0  0  0  -1  2   0  2  1  0  0  0/0    11:03   0:10   1:51 
Mike Ribeiro             0  0  0   0  0   0  1  0  0  0  4/14   13:47   4:50   0:00 
Nate Schmidt             0  0  0  -1  0   0  0  0  0  0  0/0    12:23   0:00   0:00 
Nick Shore               0  0  0  -1  2   0  0  0  0  0  4/13   10:35   0:00   1:33 
Teuvo Teravainen         0  0  0  -2  0   0  1  0  0  0  1/2    13:17   0:00   0:00 
Zack Smith               0  0  0  -1  0   3  1  3  0  0  2/6    12:21   0:00   3:18 

Players Stats for Jets

Player Name              G  A  P  +/- PIM S  H  SB GA TA FO     MP     PP MP  PK MP  
------------------------------------------------------------------------------------
Alan Quine               0  0  0   0  2   0  1  1  0  0  0/2     8:34   0:00   6:23 
Braydon Coburn           0  0  0   1  0   0  1  1  0  0  0/0    11:39   0:00   2:01 
Brock Nelson             1  2  3   1  0   4  2  0  0  0  0/1    16:40   2:48   1:31 
Bryan Rust               0  0  0   1  0   0  0  0  0  0  0/0    14:25   0:00   2:42 
Cam Atkinson             0  0  0   0  0   7  0  0  0  0  0/1    21:20   3:09   0:00 
Connor Carrick           0  0  0   0  0   0  0  0  0  0  0/0     4:46   0:00   0:38 
Frans Nielsen            1  1  2   1  0   2  2  0  0  0  12/19  19:39   2:48   2:51 
Hampus Lindholm          0  0  0   0  2   1  1  2  0  0  0/0    23:36   2:52   4:08 
Jamie Benn               0  0  0   0  0   4  3  0  0  0  1/3    22:39   3:09   0:00 
Jonas Brodin             0  0  0   0  0   0  1  0  0  0  0/0    23:28   3:05   5:44 
Mika Zibanejad           1  0  1   1  0   2  0  0  0  0  8/15   13:11   0:00   0:00 
Mikko Koivu              0  0  0   0  0   7  0  0  0  0  17/27  24:19   3:09   2:09 
Nick Holden              0  0  0   1  4   1  2  0  0  0  0/0    22:59   2:52   3:37 
Ondrej Kase              0  0  0   1  0   2  1  1  0  0  0/0    11:43   0:00   0:00 
Radek Faksa              0  0  0   0  0   2  1  0  0  0  9/16    8:53   0:00   6:41 
Radko Gudas              0  0  0   1  4   0  4  1  0  0  0/0    17:14   0:00   2:40 
Rickard Rakell           0  2  2   1  0   4  3  0  0  0  1/2    17:20   2:48   0:15 
Tobias Enstrom           0  1  1   1  0   1  1  0  0  0  0/0    21:13   3:05   3:44 

3 Stars

1 - Auston Matthews (MTL)
2 - Brock Nelson (WPG)
3 - Frans Nielsen (WPG)

Power Play

Canadiens - 2 on 6 Attempt(s) - 33.33%
Jets - 0 on 3 Attempt(s) - 0.00%

Penalty Kill

Canadiens - 3 on 3 Attempt(s) - 100.00% - Score 0 goal in Penalty Kill
Jets - 4 on 6 Attempt(s) - 66.67% - Score 0 goal in Penalty Kill

Team Stat

Canadiens - Hits : 15 - Faceoff Wins : 38 - Blocked Shots : 13 - Penalty Minutes : 6
Jets - Hits : 23 - Faceoff Wins : 48 - Blocked Shots : 6 - Penalty Minutes : 12

Official

Referees : Eric Furlatt and Dan O'Rourke
Linesman : Tony Sericolo and Matt MacPherson

Game Notes

Jonathan Bernier enters game at 17:51 of 1st period

Finance

Level 1 -- Attendance: 4525 (75.42%) -- Ticket Income 633 500 $
Level 2 -- Attendance: 2289 (45.78%) -- Ticket Income 297 570 $
Level 3 -- Attendance: 1339 (60.86%) -- Ticket Income 160 680 $
Level 4 -- Attendance: 813 (80.02%) -- Ticket Income 89 430 $
Luxury Box -- Attendance: 529 (66.13%) -- Ticket Income 179 860 $
Game was played at the MTS Center.
Total Attendance: 9495 (63.23%)
Total Ticket Income: 1 361 040 $
Other Income: 204 156 $
Total Income: 1 565 196 $

% Time on Ice - Canadiens

Lines # - Real PCT - Wanted PCT - Time Play
Normal Forward
1 - 29% - 35% - 12:12
2 - 29% - 35% - 12:35
3 - 21% - 20% - 8:57
4 - 21% - 10% - 9:03
Normal Defense
1 - 35% - 35% - 14:58
2 - 27% - 30% - 11:25
3 - 29% - 20% - 12:23
4 - 9% - 15% - 4:01
PP Forward
1 - 57% - 60% - 6:26
2 - 43% - 40% - 4:50
PP Defense
1 - 54% - 50% - 6:05
2 - 46% - 50% - 5:11
PK Forward
1 - 55% - 55% - 3:18
2 - 45% - 45% - 2:39
PK Defense
1 - 59% - 60% - 3:29
2 - 41% - 40% - 2:28
PK3 Forward
1 - 0% - 60%
2 - 0% - 40%
PK3 Defense
1 - 0% - 60%
2 - 0% - 40%
44 Forward
1 - 0% - 50%
2 - 0% - 50%
44 Defense
1 - 0% - 50%
2 - 0% - 50%
Last Minute Offensive  - 0:00
Last Minute Defensive  - 0:00
Total
Forward - 60:00
Defense - 60:00

% Time on Ice - Jets

Lines # - Real PCT - Wanted PCT - Time Play
Normal Forward
1 - 39% - 40% - 16:33
2 - 29% - 30% - 12:19
3 - 27% - 20% - 11:43
4 - 5% - 10% - 2:12
Normal Defense
1 - 34% - 40% - 14:39
2 - 34% - 30% - 14:24
3 - 22% - 20% - 9:36
4 - 10% - 10% - 4:08
PP Forward
1 - 53% - 60% - 3:09
2 - 47% - 40% - 2:48
PP Defense
1 - 48% - 60% - 2:52
2 - 52% - 40% - 3:05
PK Forward
1 - 76% - 60% - 8:34
2 - 24% - 40% - 2:42
PK Defense
1 - 51% - 60% - 5:44
2 - 49% - 40% - 5:32
PK3 Forward
1 - 0% - 60%
2 - 0% - 40%
PK3 Defense
1 - 0% - 60%
2 - 0% - 40%
44 Forward
1 - 0% - 60%
2 - 0% - 40%
44 Defense
1 - 0% - 60%
2 - 0% - 40%
Last Minute Offensive  - 0:00
Last Minute Defensive  - 0:00
Total
Forward - 60:00
Defense - 60:00

Play by Play

1st period


0:01 of 1st period - John Tavares wins face-off versus Mikko Koivu in neutral zone.
0:51 of 1st period - Shot by Rickard Rakell.
0:51 of 1st period - Shot Misses the Net.
0:53 of 1st period - Shot by Rickard Rakell.
0:53 of 1st period - Deflect By Brock Nelson.
0:53 of 1st period - Goal by Brock Nelson - Canadiens : 0 - Jets : 1.
0:54 of 1st period - Auston Matthews wins face-off versus Mika Zibanejad in neutral zone.
0:57 of 1st period - Mika Zibanejad is hit by Jordan Eberle and loses puck.
1:43 of 1st period - Icing by Brock Nelson.
1:44 of 1st period - Mike Ribeiro wins face-off versus Brock Nelson in Jets zone.
2:01 of 1st period - Shot by Brock Nelson.
2:01 of 1st period - Shot Misses the Net.
2:03 of 1st period - Shot by Nick Holden.
2:03 of 1st period - Stopped by Cam Talbot with a rebound.
2:15 of 1st period - Shot by Rickard Rakell.
2:15 of 1st period - Stopped by Cam Talbot with a rebound.
2:39 of 1st period - Hampus Lindholm is hit by Zack Smith and loses puck.
2:54 of 1st period - Shot by Mikko Koivu.
2:54 of 1st period - Shot Blocked by Cam Fowler.
3:02 of 1st period - Shot by Cam Atkinson.
3:02 of 1st period - Stopped by Cam Talbot without a rebound.
3:03 of 1st period - Auston Matthews wins face-off versus Mika Zibanejad in Canadiens zone.
3:16 of 1st period - Shot by Auston Matthews.
3:16 of 1st period - Shot Blocked by Ondrej Kase.
4:12 of 1st period - Shot by Rickard Rakell.
4:12 of 1st period - Stopped by Cam Talbot without a rebound.
4:13 of 1st period - Mikko Koivu wins face-off versus Mike Ribeiro in Canadiens zone.
4:30 of 1st period - Shot by Jamie Benn.
4:30 of 1st period - Shot Misses the Net.
5:44 of 1st period - Shot by Teuvo Teravainen.
5:44 of 1st period - Shot Blocked by Braydon Coburn.
7:21 of 1st period - Shot by Radek Faksa.
7:21 of 1st period - Stopped by Cam Talbot without a rebound.
7:22 of 1st period - Josh Bailey wins face-off versus Cam Atkinson in Canadiens zone.
7:37 of 1st period - Jamie Benn is hit by Josh Bailey and loses puck.
7:46 of 1st period - Shot by Cam Atkinson.
7:46 of 1st period - Stopped by Cam Talbot without a rebound.
7:47 of 1st period - Radek Faksa wins face-off versus Gustav Nyquist in Canadiens zone.
7:47 of 1st period - Tobias Enstrom is hit by Josh Morrissey and loses puck.
7:51 of 1st period - Icing by Nate Schmidt.
7:52 of 1st period - Teuvo Teravainen wins face-off versus Frans Nielsen in Canadiens zone.
8:16 of 1st period - Minor Penalty to Josh Morrissey for Holding.
8:17 of 1st period - Zack Smith wins face-off versus Mikko Koivu in Canadiens zone.
9:10 of 1st period - Shot by Frans Nielsen.
9:10 of 1st period - Stopped by Cam Talbot without a rebound.
9:11 of 1st period - Frans Nielsen wins face-off versus Zack Smith in Canadiens zone.
9:18 of 1st period - Shot by Jonas Brodin.
9:18 of 1st period - Shot Blocked by Ivan Provorov.
9:24 of 1st period - Shot by Frans Nielsen.
9:24 of 1st period - Deflect By Brock Nelson.
9:24 of 1st period - Stopped by Cam Talbot without a rebound.
9:25 of 1st period - Mikko Koivu wins face-off versus Zack Smith in Canadiens zone.
9:36 of 1st period - Shot by Jonas Brodin.
9:36 of 1st period - Shot Blocked by Zack Smith.
9:38 of 1st period - Shot by Cam Atkinson.
9:38 of 1st period - Shot Blocked by Zack Smith.
9:40 of 1st period - Shot by Jamie Benn.
9:40 of 1st period - Shot Misses the Net.
10:18 of 1st period - Shot by Frans Nielsen.
10:18 of 1st period - Deflect By Mika Zibanejad.
10:18 of 1st period - Goal by Mika Zibanejad - Canadiens : 0 - Jets : 2.
10:19 of 1st period - John Tavares wins face-off versus Mika Zibanejad in neutral zone.
10:34 of 1st period - Shot by John Tavares.
10:34 of 1st period - Shot Blocked by Radko Gudas.
11:22 of 1st period - Shot by Rickard Rakell.
11:22 of 1st period - Shot Blocked by Adam Larsson.
12:04 of 1st period - Shot by Jamie Benn.
12:04 of 1st period - Stopped by Cam Talbot without a rebound.
12:05 of 1st period - Nick Shore wins face-off versus Mikko Koivu in Canadiens zone.
12:05 of 1st period - Nick Shore is hit by Jamie Benn.
12:18 of 1st period - Shot by Nick Holden.
12:18 of 1st period - Shot Blocked by Ivan Provorov.
12:35 of 1st period - Minor Penalty to Justin Abdelkader for Tripping.
12:36 of 1st period - Mikko Koivu wins face-off versus Zack Smith in Canadiens zone.
12:55 of 1st period - Shot by Cam Atkinson.
12:55 of 1st period - Stopped by Cam Talbot without a rebound.
12:56 of 1st period - Frans Nielsen wins face-off versus Nick Shore in Canadiens zone.
13:21 of 1st period - Shot by Brock Nelson.
13:21 of 1st period - Stopped by Cam Talbot without a rebound.
13:22 of 1st period - Zack Smith wins face-off versus Mikko Koivu in Canadiens zone.
14:47 of 1st period - Shot by Ondrej Kase.
14:47 of 1st period - Stopped by Cam Talbot without a rebound.
14:48 of 1st period - John Tavares wins face-off versus Mika Zibanejad in Canadiens zone.
15:55 of 1st period - Minor Penalty to Nick Holden for Interference.
15:56 of 1st period - Radek Faksa wins face-off versus Jordan Eberle in Jets zone.
17:21 of 1st period - Shot by Auston Matthews.
17:21 of 1st period - Goal by Auston Matthews - Canadiens : 1 - Jets : 2.
17:22 of 1st period - Mikko Koivu wins face-off versus Nick Shore in neutral zone.
17:31 of 1st period - Shot by Zack Smith.
17:31 of 1st period - Stopped by Cory Schneider without a rebound.
17:32 of 1st period - Frans Nielsen wins face-off versus Nick Shore in Jets zone.
17:51 of 1st period - Shot by Frans Nielsen.
17:51 of 1st period - Goal by Frans Nielsen - Canadiens : 1 - Jets : 3.
17:51 of 1st period - Jonathan Bernier enters game.
17:52 of 1st period - Mikko Koivu wins face-off versus John Tavares in neutral zone.
18:05 of 1st period - Ian Cole is hit by Nick Holden and loses puck.
18:27 of 1st period - John Tavares is hit by Tobias Enstrom and loses puck.
18:29 of 1st period - Minor Penalty to Nick Holden for Hooking.
18:30 of 1st period - Radek Faksa wins face-off versus Mike Ribeiro in Jets zone.
19:59 of 1st period - Shot by Ivan Provorov.
19:59 of 1st period - Deflect By John Tavares.
19:59 of 1st period - Stopped by Cory Schneider without a rebound.
Goals for this period are 1 for Canadiens vs 3 for Jets.
Shots for this period are 3 for Canadiens vs 15 for Jets.

2nd period


0:01 of 2nd period - John Tavares wins face-off versus Radek Faksa in neutral zone.
0:26 of 2nd period - Shot by Cam Fowler.
0:26 of 2nd period - Stopped by Cory Schneider without a rebound.
0:27 of 2nd period - Radek Faksa wins face-off versus Mike Ribeiro in Jets zone.
1:22 of 2nd period - Nate Schmidt is hit by Jamie Benn and loses puck.
1:34 of 2nd period - Cam Atkinson is hit by Justin Abdelkader and loses puck.
1:42 of 2nd period - Icing by Tobias Enstrom.
1:43 of 2nd period - Mikko Koivu wins face-off versus Jakob Silfverberg in Jets zone.
1:48 of 2nd period - Cam Fowler is hit by Jamie Benn and loses puck.
1:55 of 2nd period - Shot by Mikko Koivu.
1:55 of 2nd period - Stopped by Jonathan Bernier without a rebound.
1:56 of 2nd period - Mika Zibanejad wins face-off versus John Tavares in Canadiens zone.
2:01 of 2nd period - Shot by Ondrej Kase.
2:01 of 2nd period - Stopped by Jonathan Bernier without a rebound.
2:02 of 2nd period - Rickard Rakell wins face-off versus Auston Matthews in Canadiens zone.
2:07 of 2nd period - Shot by Rickard Rakell.
2:07 of 2nd period - Deflect By Alan Quine.
2:07 of 2nd period - Shot Misses the Net.
2:09 of 2nd period - Shot by Radek Faksa.
2:09 of 2nd period - Stopped by Jonathan Bernier without a rebound.
2:10 of 2nd period - Auston Matthews wins face-off versus Mikko Koivu in Canadiens zone.
2:19 of 2nd period - Icing by Jamie Benn.
2:20 of 2nd period - Mikko Koivu wins face-off versus Gustav Nyquist in Jets zone.
3:37 of 2nd period - Frans Nielsen is hit by Ivan Provorov and loses puck.
4:14 of 2nd period - Jordan Eberle is hit by Ondrej Kase and loses puck.
5:09 of 2nd period - Shot by Artturi Lehkonen.
5:09 of 2nd period - Stopped by Cory Schneider without a rebound.
5:10 of 2nd period - Nick Shore wins face-off versus Radek Faksa in Jets zone.
5:10 of 2nd period - Nick Shore is hit by Radko Gudas.
5:11 of 2nd period - Minor Penalty to Radko Gudas for Elbowing.
5:12 of 2nd period - John Tavares wins face-off versus Radek Faksa in Jets zone.
5:13 of 2nd period - Shot by Adam Larsson.
5:13 of 2nd period - Shot Misses the Net.
5:15 of 2nd period - Shot by Josh Morrissey.
5:15 of 2nd period - Stopped by Cory Schneider without a rebound.
5:16 of 2nd period - Radek Faksa wins face-off versus John Tavares in Jets zone.
5:29 of 2nd period - Shot by John Tavares.
5:29 of 2nd period - Shot Misses the Net.
5:31 of 2nd period - Shot by Adam Larsson.
5:31 of 2nd period - Stopped by Cory Schneider without a rebound.
5:32 of 2nd period - John Tavares wins face-off versus Radek Faksa in Jets zone.
6:45 of 2nd period - Radek Faksa is hit by John Tavares and loses puck.
7:00 of 2nd period - Shot by John Tavares.
7:00 of 2nd period - Stopped by Cory Schneider without a rebound.
7:01 of 2nd period - Mike Ribeiro wins face-off versus Frans Nielsen in Jets zone.
7:40 of 2nd period - Shot by Cam Atkinson.
7:40 of 2nd period - Shot Blocked by Zack Smith.
7:55 of 2nd period - Off-side.
7:56 of 2nd period - Frans Nielsen wins face-off versus Mike Ribeiro in neutral zone.
8:02 of 2nd period - Icing by Nate Schmidt.
8:03 of 2nd period - Frans Nielsen wins face-off versus Mike Ribeiro in Canadiens zone.
8:16 of 2nd period - Shot by Rickard Rakell.
8:16 of 2nd period - Stopped by Jonathan Bernier without a rebound.
8:17 of 2nd period - Auston Matthews wins face-off versus Mika Zibanejad in Canadiens zone.
8:45 of 2nd period - Shot by Jordan Eberle.
8:45 of 2nd period - Deflect By Auston Matthews.
8:45 of 2nd period - Stopped by Cory Schneider without a rebound.
8:46 of 2nd period - Mikko Koivu wins face-off versus John Tavares in Jets zone.
8:46 of 2nd period - Mikko Koivu is hit by Teuvo Teravainen.
8:49 of 2nd period - Cam Atkinson is hit by John Tavares and loses puck.
8:58 of 2nd period - Icing by Adam Larsson.
8:59 of 2nd period - John Tavares wins face-off versus Frans Nielsen in Canadiens zone.
8:59 of 2nd period - John Tavares is hit by Brock Nelson.
9:48 of 2nd period - Shot by Mikko Koivu.
9:48 of 2nd period - Stopped by Jonathan Bernier with a rebound.
9:50 of 2nd period - Shot by Mikko Koivu.
9:50 of 2nd period - Stopped by Jonathan Bernier without a rebound.
9:51 of 2nd period - Mikko Koivu wins face-off versus Auston Matthews in Canadiens zone.
10:01 of 2nd period - Shot by Cam Atkinson.
10:01 of 2nd period - Stopped by Jonathan Bernier without a rebound.
10:02 of 2nd period - Mika Zibanejad wins face-off versus Mike Ribeiro in Canadiens zone.
10:23 of 2nd period - Shot by Bryan Rust.
10:23 of 2nd period - Deflect By Mika Zibanejad.
10:23 of 2nd period - Stopped by Jonathan Bernier without a rebound.
10:24 of 2nd period - Mikko Koivu wins face-off versus Auston Matthews in Canadiens zone.
10:27 of 2nd period - Shot by Cam Atkinson.
10:27 of 2nd period - Shot Misses the Net.
10:35 of 2nd period - Shot by Cam Atkinson.
10:35 of 2nd period - Stopped by Jonathan Bernier without a rebound.
10:36 of 2nd period - Frans Nielsen wins face-off versus Nick Shore in Canadiens zone.
10:52 of 2nd period - Icing by Justin Abdelkader.
10:53 of 2nd period - Nick Shore wins face-off versus Jamie Benn in Canadiens zone.
10:58 of 2nd period - Shot by Zack Smith.
10:58 of 2nd period - Shot Misses the Net.
11:06 of 2nd period - Shot by Mikko Koivu.
11:06 of 2nd period - Stopped by Jonathan Bernier without a rebound.
11:07 of 2nd period - Auston Matthews wins face-off versus Frans Nielsen in Canadiens zone.
12:08 of 2nd period - Shot by Jamie Benn.
12:08 of 2nd period - Stopped by Jonathan Bernier with a rebound.
12:39 of 2nd period - Off-side.
12:40 of 2nd period - John Tavares wins face-off versus Mika Zibanejad in neutral zone.
13:15 of 2nd period - Shot by John Tavares.
13:15 of 2nd period - Stopped by Cory Schneider with a rebound.
13:17 of 2nd period - Shot by Cam Fowler.
13:17 of 2nd period - Stopped by Cory Schneider without a rebound.
13:18 of 2nd period - Frans Nielsen wins face-off versus Mike Ribeiro in Jets zone.
13:23 of 2nd period - Mike Ribeiro is hit by Rickard Rakell and loses puck.
14:10 of 2nd period - Shot by Zack Smith.
14:10 of 2nd period - Stopped by Cory Schneider without a rebound.
14:11 of 2nd period - Mikko Koivu wins face-off versus John Tavares in Jets zone.
14:28 of 2nd period - Shot by John Tavares.
14:28 of 2nd period - Deflect By Gustav Nyquist.
14:28 of 2nd period - Stopped by Cory Schneider without a rebound.
14:29 of 2nd period - Mika Zibanejad wins face-off versus Nick Shore in Jets zone.
14:59 of 2nd period - Shot by Zack Smith.
14:59 of 2nd period - Stopped by Cory Schneider without a rebound.
15:00 of 2nd period - Auston Matthews wins face-off versus Mikko Koivu in Jets zone.
15:14 of 2nd period - Jordan Eberle is hit by Nick Holden.
15:16 of 2nd period - Shot by Cam Fowler.
15:16 of 2nd period - Shot Misses the Net.
15:38 of 2nd period - Shot by Cam Atkinson.
15:38 of 2nd period - Shot Blocked by Adam Larsson.
16:18 of 2nd period - John Tavares is hit by Jonas Brodin and loses puck.
16:36 of 2nd period - Josh Morrissey is hit by Radko Gudas and loses puck.
16:44 of 2nd period - Icing by Braydon Coburn.
16:45 of 2nd period - Mika Zibanejad wins face-off versus Artturi Lehkonen in Jets zone.
16:45 of 2nd period - Mika Zibanejad is hit by Mike Ribeiro.
17:35 of 2nd period - Shot by Cam Atkinson.
17:35 of 2nd period - Shot Misses the Net.
18:26 of 2nd period - Shot by Jordan Eberle.
18:26 of 2nd period - Deflect By Auston Matthews.
18:26 of 2nd period - Stopped by Cory Schneider without a rebound.
18:27 of 2nd period - John Tavares wins face-off versus Alan Quine in Jets zone.
18:27 of 2nd period - Minor Penalty to Hampus Lindholm for High sticking.
18:28 of 2nd period - Radek Faksa wins face-off versus John Tavares in Jets zone.
18:53 of 2nd period - Shot by Ivan Provorov.
18:53 of 2nd period - Shot Misses the Net.
18:55 of 2nd period - Shot by Ivan Provorov.
18:55 of 2nd period - Shot Misses the Net.
18:57 of 2nd period - Shot by John Tavares.
18:57 of 2nd period - Stopped by Cory Schneider without a rebound.
18:58 of 2nd period - Radek Faksa wins face-off versus Mike Ribeiro in Jets zone.
18:58 of 2nd period - Radek Faksa is hit by Jakob Silfverberg.
19:17 of 2nd period - Icing by Jordan Eberle.
19:18 of 2nd period - Mike Ribeiro wins face-off versus Radek Faksa in Canadiens zone.
19:23 of 2nd period - Shot by Jordan Eberle.
19:23 of 2nd period - Deflect By Jakob Silfverberg.
19:23 of 2nd period - Shot Misses the Net.
19:25 of 2nd period - Shot by Jordan Eberle.
19:25 of 2nd period - Shot Misses the Net.
19:27 of 2nd period - Shot by Adam Larsson.
19:27 of 2nd period - Stopped by Cory Schneider without a rebound.
19:28 of 2nd period - Frans Nielsen wins face-off versus John Tavares in Jets zone.
19:28 of 2nd period - Frans Nielsen is hit by John Tavares.
19:46 of 2nd period - Shot by Ivan Provorov.
19:46 of 2nd period - Shot Misses the Net.
Goals for this period are 0 for Canadiens vs 0 for Jets.
Shots for this period are 14 for Canadiens vs 11 for Jets.

3rd period


0:01 of 3rd period - John Tavares wins face-off versus Alan Quine in neutral zone.
0:01 of 3rd period - John Tavares is hit by Alan Quine.
0:21 of 3rd period - Shot by Gustav Nyquist.
0:21 of 3rd period - Goal by Gustav Nyquist - Canadiens : 2 - Jets : 3.
0:22 of 3rd period - Mike Ribeiro wins face-off versus Mikko Koivu in neutral zone.
0:43 of 3rd period - Shot by Jamie Benn.
0:43 of 3rd period - Shot Blocked by Josh Morrissey.
2:39 of 3rd period - Icing by Cam Fowler.
2:40 of 3rd period - Jamie Benn wins face-off versus Auston Matthews in Canadiens zone.
2:41 of 3rd period - Shot by Mikko Koivu.
2:41 of 3rd period - Stopped by Jonathan Bernier without a rebound.
2:42 of 3rd period - Mikko Koivu wins face-off versus Auston Matthews in Canadiens zone.
2:51 of 3rd period - Shot by Jordan Eberle.
2:51 of 3rd period - Stopped by Cory Schneider without a rebound.
2:52 of 3rd period - Frans Nielsen wins face-off versus Nick Shore in Jets zone.
2:52 of 3rd period - Frans Nielsen is hit by Justin Abdelkader.
2:53 of 3rd period - Minor Penalty to Nick Shore for Roughing.
2:54 of 3rd period - Mikko Koivu wins face-off versus Zack Smith in Canadiens zone.
3:19 of 3rd period - Shot by Mikko Koivu.
3:19 of 3rd period - Stopped by Jonathan Bernier without a rebound.
3:20 of 3rd period - Frans Nielsen wins face-off versus Jakob Silfverberg in Canadiens zone.
3:21 of 3rd period - Shot by Tobias Enstrom.
3:21 of 3rd period - Stopped by Jonathan Bernier without a rebound.
3:22 of 3rd period - Frans Nielsen wins face-off versus Jakob Silfverberg in Canadiens zone.
3:27 of 3rd period - Shot by Brock Nelson.
3:27 of 3rd period - Shot Misses the Net.
3:43 of 3rd period - Shot by Jonas Brodin.
3:43 of 3rd period - Shot Blocked by Justin Abdelkader.
4:05 of 3rd period - Zack Smith is hit by Frans Nielsen and loses puck.
4:30 of 3rd period - Shot by Mikko Koivu.
4:30 of 3rd period - Shot Misses the Net.
4:32 of 3rd period - Shot by Jamie Benn.
4:32 of 3rd period - Shot Blocked by Cam Fowler.
5:05 of 3rd period - Gustav Nyquist is hit by Braydon Coburn and loses puck.
5:30 of 3rd period - Shot by Teuvo Teravainen.
5:30 of 3rd period - Shot Misses the Net.
5:37 of 3rd period - Icing by Radko Gudas.
5:38 of 3rd period - Mika Zibanejad wins face-off versus Mike Ribeiro in Jets zone.
6:52 of 3rd period - Shot by Auston Matthews.
6:52 of 3rd period - Shot Misses the Net.
7:07 of 3rd period - Minor Penalty to Alan Quine for Roughing.
7:08 of 3rd period - John Tavares wins face-off versus Radek Faksa in Jets zone.
7:30 of 3rd period - Icing by Cam Fowler.
7:31 of 3rd period - Radek Faksa wins face-off versus Gustav Nyquist in Canadiens zone.
8:53 of 3rd period - Icing by Josh Morrissey.
8:54 of 3rd period - John Tavares wins face-off versus Mikko Koivu in Canadiens zone.
9:02 of 3rd period - Ian Cole is hit by Radko Gudas and loses puck.
9:51 of 3rd period - Minor Penalty to Radko Gudas for Holding.
9:52 of 3rd period - Radek Faksa wins face-off versus Mike Ribeiro in Jets zone.
10:03 of 3rd period - Shot by Jordan Eberle.
10:03 of 3rd period - Shot Blocked by Alan Quine.
10:05 of 3rd period - Shot by Jordan Eberle.
10:05 of 3rd period - Shot Blocked by Hampus Lindholm.
10:07 of 3rd period - Shot by Adam Larsson.
10:07 of 3rd period - Shot Blocked by Hampus Lindholm.
10:09 of 3rd period - Shot by Jordan Eberle.
10:09 of 3rd period - Stopped by Cory Schneider without a rebound.
10:10 of 3rd period - John Tavares wins face-off versus Radek Faksa in Jets zone.
11:57 of 3rd period - Shot by Rickard Rakell.
11:57 of 3rd period - Stopped by Jonathan Bernier without a rebound.
11:58 of 3rd period - Nick Shore wins face-off versus Frans Nielsen in Canadiens zone.
11:58 of 3rd period - Nick Shore is hit by Brock Nelson.
12:05 of 3rd period - Josh Morrissey is hit by Hampus Lindholm.
12:18 of 3rd period - Icing by Nate Schmidt.
12:19 of 3rd period - Mika Zibanejad wins face-off versus Nick Shore in Canadiens zone.
12:35 of 3rd period - Zack Smith is hit by Radko Gudas and loses puck.
15:14 of 3rd period - Icing by Nate Schmidt.
15:15 of 3rd period - Mikko Koivu wins face-off versus John Tavares in Canadiens zone.
15:16 of 3rd period - Shot by Cam Atkinson.
15:16 of 3rd period - Shot Blocked by Josh Morrissey.
15:18 of 3rd period - Shot by Hampus Lindholm.
15:18 of 3rd period - Stopped by Jonathan Bernier without a rebound.
15:19 of 3rd period - Mikko Koivu wins face-off versus Nick Shore in Canadiens zone.
15:20 of 3rd period - Shot by Cam Atkinson.
15:20 of 3rd period - Stopped by Jonathan Bernier without a rebound.
15:21 of 3rd period - John Tavares wins face-off versus Jamie Benn in Canadiens zone.
15:42 of 3rd period - Shot by Jamie Benn.
15:42 of 3rd period - Stopped by Jonathan Bernier with a rebound.
16:00 of 3rd period - Shot by Cam Atkinson.
16:00 of 3rd period - Shot Misses the Net.
16:32 of 3rd period - Shot by Frans Nielsen.
16:32 of 3rd period - Shot Misses the Net.
16:46 of 3rd period - Shot by Jordan Eberle.
16:46 of 3rd period - Shot Misses the Net.
16:48 of 3rd period - Shot by Jakob Silfverberg.
16:48 of 3rd period - Deflect By Auston Matthews.
16:48 of 3rd period - Goal by Auston Matthews - Canadiens : 3 - Jets : 3.
16:49 of 3rd period - Mika Zibanejad wins face-off versus Josh Bailey in neutral zone.
17:20 of 3rd period - Shot by Josh Bailey.
17:20 of 3rd period - Stopped by Cory Schneider without a rebound.
17:21 of 3rd period - Auston Matthews wins face-off versus Mikko Koivu in Jets zone.
17:31 of 3rd period - Off-side.
17:32 of 3rd period - Frans Nielsen wins face-off versus Nick Shore in neutral zone.
19:44 of 3rd period - Ivan Provorov is hit by Radek Faksa.
19:45 of 3rd period - Icing by Ivan Provorov.
19:46 of 3rd period - Auston Matthews wins face-off versus Frans Nielsen in Canadiens zone.
19:52 of 3rd period - Auston Matthews is hit by Rickard Rakell and loses puck.
19:58 of 3rd period - Rickard Rakell is hit by Ivan Provorov and loses puck.
Goals for this period are 2 for Canadiens vs 0 for Jets.
Shots for this period are 5 for Canadiens vs 7 for Jets.

Overtime #1


0:01 of 1st overtime period - Mikko Koivu wins face-off versus John Tavares in neutral zone.
0:06 of 1st overtime period - Shot by Jamie Benn.
0:06 of 1st overtime period - Shot Hit the Post.
0:39 of 1st overtime period - Shot by Mikko Koivu.
0:39 of 1st overtime period - Stopped by Jonathan Bernier without a rebound.
0:40 of 1st overtime period - Jordan Eberle wins face-off versus Frans Nielsen in Canadiens zone.
0:40 of 1st overtime period - Jordan Eberle is hit by Frans Nielsen.
2:21 of 1st overtime period - Icing by Josh Bailey.
2:22 of 1st overtime period - Mika Zibanejad wins face-off versus Teuvo Teravainen in Canadiens zone.
2:23 of 1st overtime period - Shot by Brock Nelson.
2:23 of 1st overtime period - Stopped by Jonathan Bernier without a rebound.
2:24 of 1st overtime period - John Tavares wins face-off versus Rickard Rakell in Canadiens zone.
2:24 of 1st overtime period - John Tavares is hit by Rickard Rakell.
2:40 of 1st overtime period - Shot by Jordan Eberle.
2:40 of 1st overtime period - Stopped by Cory Schneider without a rebound.
2:41 of 1st overtime period - Mikko Koivu wins face-off versus John Tavares in Jets zone.
2:41 of 1st overtime period - Mikko Koivu is hit by Auston Matthews.
2:48 of 1st overtime period - Shot by Jamie Benn.
2:48 of 1st overtime period - Shot Blocked by Adam Larsson.
3:02 of 1st overtime period - Shot by Jamie Benn.
3:02 of 1st overtime period - Stopped by Jonathan Bernier without a rebound.
3:03 of 1st overtime period - Auston Matthews wins face-off versus Mikko Koivu in Canadiens zone.
4:10 of 1st overtime period - Shot by Jamie Benn.
4:10 of 1st overtime period - Deflect By Cam Atkinson.
4:10 of 1st overtime period - Stopped by Jonathan Bernier without a rebound.
4:11 of 1st overtime period - John Tavares wins face-off versus Mika Zibanejad in Canadiens zone.
4:36 of 1st overtime period - Shot by John Tavares.
4:36 of 1st overtime period - Stopped by Cory Schneider with a rebound.
Goals for this period are 0 for Canadiens vs 0 for Jets.
Shots for this period are 2 for Canadiens vs 4 for Jets.

ShootOut


5:00 of 1st overtime period - Penalty Shot by John Tavares for Canadiens.
5:00 of 1st overtime period - Stopped by Cory Schneider.
5:00 of 1st overtime period - Penalty Shot by Jamie Benn for Jets.
5:00 of 1st overtime period - Stopped by Jonathan Bernier.
5:00 of 1st overtime period - Penalty Shot by Auston Matthews for Canadiens.
5:00 of 1st overtime period - Shot Misses the Net.
5:00 of 1st overtime period - Penalty Shot by Cam Atkinson for Jets.
5:00 of 1st overtime period - Stopped by Jonathan Bernier.
5:00 of 1st overtime period - Penalty Shot by Gustav Nyquist for Canadiens.
5:00 of 1st overtime period - Goal by Gustav Nyquist.
5:00 of 1st overtime period - Penalty Shot by Frans Nielsen for Jets.
5:00 of 1st overtime period - Goal by Frans Nielsen.
5:00 of 1st overtime period - Penalty Shot by Jordan Eberle for Canadiens.
5:00 of 1st overtime period - Goal by Jordan Eberle.
5:00 of 1st overtime period - Penalty Shot by Rickard Rakell for Jets.
5:00 of 1st overtime period - Shot Misses the Net.